details: 'I help ufollowitk tk'

« prev index next »

General information

Mini Map

Players

team 1
Random» NightElfA&R (orange | 56 APM | 426 actions | 07:35)
Hero icon 2 Demon Hunter
Ability icon 1 Mana Burn
Ability icon 1 Evasion

» actions
Assign group hotkey12
Basic commands32
Build / train22
Enter build submenu9
Enter hero's abilities submenu2
Give item / drop item7
Remove unit from queue1
Right click190
Select / deselect104
Select group hotkey31
Use ability16
426 total
» units
Wisp12
12 total
» upgrades
Strength of the Wild2
Reinforced Hides1
3 total
» buildings
Altar of Elders1
Moon Well5
Tree of Ages2
Hunter's Hall1
Tree of Eternity1
Ancient of Wind1
11 total
» build order
00:12 Altar of Elders
00:22 Moon Well
01:33 Moon Well
02:27 Tree of Ages
02:28 Tree of Ages
02:31 Moon Well
02:37 Hunter's Hall
02:59 Moon Well
04:12 Moon Well
04:55 Tree of Eternity
07:19 Ancient of Wind
HumanTier2Techer (pink | 9 APM | 71 actions | 07:35)

» actions
Basic commands7
Build / train9
Right click20
Select / deselect26
Use ability9
71 total
» units
Peasant8
8 total
» buildings
Keep1
1 total
» build order
00:38 Keep
HumanU_FOLLOW_iTK261 (purple | 97 APM | 735 actions | 07:33)
Hero icon 2 Archmage
Ability icon 1 Summon Water Elemental
Ability icon 1 Blizzard

» actions
Assign group hotkey20
Basic commands18
Build / train29
Enter build submenu17
Enter hero's abilities submenu2
Give item / drop item1
Right click268
Select / deselect104
Select group hotkey249
Use ability27
735 total
» units
Peasant11
Footman6
Goblin Shredder2
19 total
» upgrades
Defend1
1 total
» buildings
Farm7
Barracks1
Altar of Kings1
Scout Tower5
Arcane Tower1
Arcane Vault1
Lumber Mill1
Guard Tower1
Blacksmith1
19 total
» build order
00:19 Farm
00:25 Barracks
00:49 Farm
00:51 Altar of Kings
01:44 Farm
01:53 Scout Tower
02:26 Arcane Tower
02:30 Farm
03:08 Arcane Vault
04:26 Scout Tower
04:29 Scout Tower
04:30 Scout Tower
04:33 Lumber Mill
05:01 Scout Tower
06:04 Guard Tower
06:07 Blacksmith
06:15 Farm
06:20 Farm
07:21 Farm
» items
Scroll of Regeneration2
Scroll of Town Portal1
3 total
Orcrockstone (red | 26 APM | 191 actions | 07:28)
Hero icon 2 Blademaster
Ability icon 1 Mirror Image
Ability icon 1 Wind Walk

» actions
Build / train13
Enter build submenu8
Enter hero's abilities submenu2
Give item / drop item1
Right click86
Select / deselect64
Use ability17
191 total
» units
Peon5
5 total
» buildings
Altar of Storms1
Orc Burrow2
Voodoo Lounge1
Stronghold1
War Mill1
Fortress1
Beastiary2
9 total
» build order
00:07 Altar of Storms
00:09 Orc Burrow
00:44 Voodoo Lounge
01:57 Stronghold
02:39 War Mill
02:44 Orc Burrow
05:39 Fortress
05:48 Beastiary
07:00 Beastiary
» items
Lesser Clarity Potion1
Healing Salve1
Potion of Healing1
3 total
team 2
HumanPEPPERDINE (yellow | 72 APM | 545 actions | 07:35)
Hero icon 3 Mountain King
Ability icon 2 Storm Bolt
Ability icon 1 Bash
Hero icon 1 Paladin
Ability icon 1 Holy Light

» actions
Assign group hotkey22
Basic commands28
Build / train33
Enter build submenu20
Enter hero's abilities submenu4
Right click201
Select / deselect140
Select group hotkey71
Use ability26
545 total
» units
Peasant11
Footman8
Rifleman1
20 total
» upgrades
Masonry1
1 total
» buildings
Farm5
Barracks1
Altar of Kings1
Arcane Vault1
Lumber Mill1
Keep2
Blacksmith1
Scout Tower2
Town Hall1
Arcane Tower1
16 total
» build order
00:29 Farm
00:41 Barracks
00:55 Altar of Kings
01:36 Farm
02:05 Arcane Vault
02:09 Lumber Mill
02:34 Farm
02:37 Farm
03:19 Keep
03:19 Keep
03:47 Blacksmith
04:13 Farm
06:37 Scout Tower
06:44 Town Hall
07:26 Arcane Tower
07:30 Scout Tower
» items
Scroll of Regeneration1
Lesser Clarity Potion1
2 total
Random» UndeadGBV (teal | 62 APM | 470 actions | 07:35)
Hero icon 3 Death Knight
Ability icon 2 Death Coil
Ability icon 1 Unholy Aura

» actions
Assign group hotkey14
Build / train39
Enter build submenu9
Enter hero's abilities submenu3
Right click186
Select / deselect68
Select group hotkey112
Use ability39
470 total
» units
Acolyte3
Ghoul8
Crypt Fiend7
18 total
» upgrades
Web1
1 total
» buildings
Ziggurat4
Altar of Darkness1
Crypt1
Graveyard1
Tomb of Relics1
Nerubian Tower1
Halls of the Dead3
12 total
» build order
00:54 Ziggurat
00:56 Altar of Darkness
00:58 Crypt
01:10 Graveyard
01:20 Ziggurat
01:42 Tomb of Relics
01:49 Nerubian Tower
02:39 Ziggurat
04:47 Halls of the Dead
04:48 Halls of the Dead
05:37 Ziggurat
» items
Rod of Necromancy7
7 total
Humanwhats_a_peon (green | 29 APM | 218 actions | 07:35)
Hero icon 3 Archmage
Ability icon 1 Summon Water Elemental
Ability icon 2 Brilliance Aura

» actions
Basic commands5
Build / train27
Enter build submenu17
Enter hero's abilities submenu3
Right click50
Select / deselect90
Use ability26
218 total
» units
Peasant14
Footman5
Goblin Shredder1
20 total
» upgrades
Masonry1
1 total
» buildings
Farm5
Altar of Kings1
Barracks2
Lumber Mill1
Keep1
Town Hall1
Blacksmith1
Arcane Vault1
Castle1
Scout Tower3
17 total
» build order
00:27 Farm
00:42 Altar of Kings
01:00 Barracks
01:06 Farm
01:52 Farm
02:32 Farm
03:41 Lumber Mill
04:01 Keep
04:58 Town Hall
05:16 Farm
06:08 Barracks
06:16 Blacksmith
06:23 Arcane Vault
06:37 Castle
06:53 Scout Tower
06:57 Scout Tower
07:03 Scout Tower
Random» OrcBoratSagdiev (blue | 27 APM | 202 actions | 07:35)
Hero icon 3 Blademaster
Ability icon 2 Critical Strike
Ability icon 1 Mirror Image

» actions
Build / train24
ESC pressed2
Enter build submenu12
Enter hero's abilities submenu3
Right click80
Select / deselect67
Use ability14
202 total
» units
Peon9
Grunt5
14 total
» upgrades
Berserker Strength1
Melee Weapons1
Shaman Training1
3 total
» buildings
Altar of Storms1
Orc Burrow3
Barracks1
Voodoo Lounge1
Stronghold1
War Mill2
Great Hall1
Fortress1
Spirit Lodge2
13 total
» build order
00:07 Altar of Storms
00:17 Orc Burrow
00:54 Barracks
01:37 Orc Burrow
02:36 Voodoo Lounge
03:30 Stronghold
03:44 Orc Burrow
04:11 War Mill
05:15 Great Hall
05:53 Fortress
06:00 Spirit Lodge
06:49 War Mill
07:25 Spirit Lodge
» items
Healing Salve1
1 total

Chat log


(01:02 / Allies) U_FOLLOW_iTK261: DAMN NIGGER THATS FAST TECHING
(01:07 / All) BoratSagdiev: yaksemaesh?
(01:27 / All) BoratSagdiev: any jew on your team?
(01:55 / All) BoratSagdiev: i suspect that follow dude is a jew
(02:02 / All) U_FOLLOW_iTK261: FUCK U KIKE
(02:25 / All) BoratSagdiev: throw a jew down the well

(03:44 / All) Tier2Techer: Very nice
(03:53 / Allies) U_FOLLOW_iTK261: AHAH
(03:59 / All) BoratSagdiev: did you throw him?
(04:13 / Allies) rockstone: wtf purp?
(04:25 / All) U_FOLLOW_iTK261: GAME IS OVER
(04:32 / All) BoratSagdiev: you loose
(04:36 / Allies) Tier2Techer: You didn't read his name, pal
(04:58 / Allies) U_FOLLOW_iTK261: SLOW OR FAST TK?
(05:04 / Allies) Tier2Techer: Fast I'll help with militia
(05:13 / Allies) U_FOLLOW_iTK261: THANKS BUDDY
(05:15 / Allies) rockstone: nunca falta el duo de pendejos
(05:27 / All) BoratSagdiev: jews are sneaky
(05:32 / All) BoratSagdiev: dont trust them
(06:12 / Allies) A&R: nunce faltan en efecto

(07:13 / All) rockstone: ya sabĂ­a
(07:16 / All) Tier2Techer: DEATH TO SPICS
(07:25 / All) U_FOLLOW_iTK261: KILL ALL SPICS